 Seeded DCSS version 0.30-a0-459-g9104f0fc43 (webtiles) character file.

Game seed: 3577383364023572711 (custom seed)

17331 BigDaddyOpFi the Cleaver (level 12, -11/112 HPs)
             Began as a Hill Orc Fighter on Dec 15, 2022.
             Was a High Priest of Beogh.
             Killed from afar by Azrael (33 damage)
             ... with a bolt of fire
             ... on level 12 of the Dungeon.
             The game lasted 00:22:39 (13763 turns).

BigDaddyOpFi the Cleaver (Hill Orc Fighter)        Turns: 13763, Time: 00:22:40

Health: -11/112    AC: 44    Str: 19    XL:     12   Next: 46%
Magic:  20/20      EV:  7    Int: 16    God:    Beogh [*****.]
Gold:   887        SH:  0    Dex: 10    Spells: 11/11 levels left

rFire   . . .      SeeInvis .    B - +2 broad axe
rCold   . . .      Faith    .    c - +0 buckler
rNeg    . . .      Spirit   .    d - +13 crystal plate armour of Irumm {Str-5 Int+8}
rPois   .          Reflect  .    O - +2 hat {Will+}
rElec   .          Harm     .    l - +1 cloak of Starlight {*Dazzle EV+4 Stlth--}
rCorr   .          Rampage  .    n - +0 pair of gloves
Will    +....                    (no boots)
Stlth   ..........               G - amulet of the acrobat
HPRegen 0.38/turn                M - ring of flight
MPRegen 0.17/turn                y - +4 ring of protection

@: confused, ambrosia-drunk, flying
A: walk on water
a: Renounce Religion, Smiting, Recall Orcish Followers, Give Item to Named
Follower


You were on level 12 of the Dungeon.
You worshipped Beogh.
Beogh was extremely pleased with you.
You visited 1 branch of the dungeon, and saw 12 of its levels.

You collected 887 gold pieces.

Inventory:

Hand Weapons
 a - a +1 war axe
 B - a +2 broad axe (weapon)
Missiles
 x - 12 throwing nets
Armour
 c - a +0 buckler (worn)
 d - the +13 crystal plate armour of Irumm (worn) {Str-5 Int+8}
   (You acquired it on level 5 of the Dungeon)

   Str:       It affects your strength (-5).
   Int:       It affects your intelligence (+8).
 l - the +1 cloak of Starlight (worn) {*Dazzle EV+4 Stlth--}
   (You acquired it on level 7 of the Dungeon)

   It may blind those who miss an attack against the wearer in melee combat.
   EV:        It affects your evasion (+4).
   Stlth:     It makes you much less stealthy.
 n - a +0 pair of gloves (worn)
 O - a +2 hat of willpower (worn)
Jewellery
 k - a ring of wizardry
 y - a +4 ring of protection (right hand)
 z - a ring of protection from fire
 G - an amulet of the acrobat (around neck)
 K - a +6 ring of intelligence
 M - a ring of flight (left hand)
Wands
 s - a wand of digging (1)
 C - a wand of flame (7)
 H - a wand of charming (14)
 L - a wand of acid (8)
Scrolls
 b - 2 scrolls of fear
 e - 2 scrolls of magic mapping
 i - a scroll of brand weapon {unknown}
 j - 5 scrolls of vulnerability
 m - 2 scrolls of fog
 r - 3 scrolls of noise
 u - 3 scrolls of teleportation
 w - a scroll of summoning
 A - 4 scrolls of immolation
 D - a scroll of silence
 F - 5 scrolls of identify
Potions
 f - 2 potions of ambrosia
 g - 6 potions of curing
 h - a potion of cancellation
 o - 4 potions of mutation
 p - a potion of brilliance
 v - a potion of invisibility
 E - a potion of lignification
 I - a potion of degeneration
 J - 2 potions of might
 N - a potion of haste


   Skills:
 + Level 11.9 Fighting
 + Level 12.5 Axes
 + Level 11.0 Armour
 + Level 10.9 Shields
 + Level 11.9 Invocations


You had 11 spell levels left.
You didn't know any spells.
Your spell library contained the following spells:

 Spells                   Type           Power      Damage    Failure   Level
 Sting                    Tmut/Pois      0%         1d3       100%        1
 Blink                    Tloc           0%         N/A       100%        2
 Sublimation of Blood     Necr           0%         N/A       100%        2
 Wereblood                Tmut           0%         N/A       100%        2
 Frozen Ramparts          Ice            0%         1d1       100%        3
 Ignite Poison            Fire/Tmut/Pois 0%         N/A       100%        3
 Mephitic Cloud           Conj/Pois/Air  0%         N/A       100%        3
 Vhi's Electric Charge    Tloc/Air       0%         N/A       100%        3
 Ice Form                 Ice/Tmut       0%         N/A       100%        4
 Manifold Assault         Tloc           0%         N/A       100%        4
 Summon Ice Beast         Ice/Summ       0%         N/A       100%        4
 Arcjolt                  Conj/Air       0%         1d10      100%        5
 Freezing Cloud           Conj/Ice/Air   0%         6-21      100%        5
 Simulacrum               Ice/Necr       0%         N/A       100%        6
 Storm Form               Tmut/Air       0%         N/A       100%        7
 Summon Hydra             Summ           0%         N/A       100%        7
 Maxwell's Capacitive Co  Air            0%         ∞         100%        8


Dungeon Overview and Level Annotations

Branches:
Dungeon (12/15)            Temple (0/1) D:7            Lair (0/5) D:11
    Orc: D:9-12

Altars:
Cheibriados
Fedhas
Gozag
Kikubaaqudgha
Nemelex Xobeh
Okawaru
Ru
Uskayaw
Vehumet
Wu Jian
Xom
Zin

Shops:
D:8 *

Annotations:
D:5 Pikel
D:12 Azrael


Message History

The fire elemental hits you.
You barely miss Azrael.
Azrael is almost dead.
You hit the hell hound but do no damage.
You closely miss the fire elemental. You slash the fire elemental!
The hell hound bites you but does no damage.
You block Azrael's attack. The fire elemental hits you.
The fire elemental burns you!
* * * LOW HITPOINT WARNING * * *
The fire elemental closely misses you.
The hell hound bites you but does no damage.
You are confused.
You feel invigorated. The fire elemental hits you. Azrael gestures at you.
The sticky flame hits you but does no damage.
You are covered in liquid flames!
The fire elemental hits you. The fire elemental burns you!
* * * LOW HITPOINT WARNING * * *
The hell hound bites you but does no damage.
The fire elemental hits you.
You are too confused!
You bump into the rock wall.
You are covered in liquid flames!
* * * LOW HITPOINT WARNING * * *
You are no longer on fire.
The hell hound breathes flames at you.
The blast of flame hits you but does no damage.
The hell hound breathes flames at you.
The blast of flame hits the fire elemental.
The fire elemental completely resists.
The blast of flame hits you but does no damage.
The fire elemental hits you. Azrael hits you but does no damage.
The hell hound bites you but does no damage.
The fire elemental barely misses you. The fire elemental hits you.
The fire elemental burns you!
* * * LOW HITPOINT WARNING * * *
You bump into the rock wall.
Azrael gestures at you. The bolt of fire hits you!!
You die...

.......###..
...............##..
.......
...........<....#.. ..
##.........(....... ..
.................. ..
##..##............. .. .
##..###.#...........
...##..E..#.##.>..##....
.°...○EEh.#.......#....#
...°○ER@†))...^......#.#
>.....h##.).........####
###.... ##)..........#
#..... #............#
##.... #)....###....##
#.... #.....##......#
............##......#
###...........#.#<...#
>..........#...##


You could see Azrael, 4 fire elementals and 2 hell hounds.

Vanquished Creatures
  Gastronok (D:10)
  Harold (D:9)
  Erica (D:8)
  3 two-headed ogres
  A cyclops (D:12)
  A gargoyle (D:12)
  Psyche (D:8)
  A kobold demonologist (D:10)
  A troll (D:11)
  A hornet (D:11)
  10 yaks
  A wyvern (D:7)
  2 vampire mosquitoes (D:10)
  A water moccasin (D:6)
  An orc warrior (D:6)
  A black bear (D:5)
  A sky beast (D:6)
  An ice beast (D:7)
  A wolf (D:8)
  9 ogres
  4 lemures (D:5)
  A phantom (D:7)
  3 centaurs
  3 kobold brigands
  4 bullfrogs
  4 gnoll sergeants
  3 scorpions
  7 wights (D:8)
  26 killer bees
  4 howler monkeys
  7 hounds
  5 gnoll boudas
  3 orc priests (D:5)
  Crazy Yiuf (D:3)
  5 jellies
  Terence (D:3)
  2 iguanas
  5 orc wizards
  23 gnolls
  8 adders
  A shadow imp (D:6)
  2 white imps
  An ufetubus (D:7)
  3 worms
  15 orcs
  9 ball pythons
  5 bats
  7 endoplasms
  3 giant cockroaches
  8 goblins
  12 hobgoblins
  5 jackals
  4 quokkas
  4 frilled lizards
  21 kobolds
  9 rats
268 creatures vanquished.

Vanquished Creatures (collateral kills)
  A fire dragon (D:12)
  A two-headed ogre (D:9)
  A boulder beetle (D:11)
  4 skeletal warriors (D:12)
  A kobold demonologist (D:10)
  A tengu conjurer (D:10)
  A troll (D:10)
  A shadow (D:9)
  5 yaks
  4 vampire mosquitoes (D:12)
  A steam dragon (D:9)
  An acid dragon (D:10)
  A centaur (D:10)
  A kobold brigand (D:9)
  A killer bee (D:11)
  A howler monkey (D:9)
  10 gnolls
  A shadow imp (D:8)
  4 orcs
  A jackal (D:8)
  2 kobolds (D:9)
44 creatures vanquished.

Vanquished Creatures (others)
  A two-headed ogre (D:10)
  An orc sorcerer (D:12)
  An orc warrior (D:12)
  A yak (D:10)
  A kobold brigand (D:10)
  A howler monkey (D:10)
  2 orc wizards
  A gnoll (D:8)
  5 orcs
  10 plants (D:7)
24 creatures vanquished.

Grand Total: 336 creatures vanquished

Notes
Turn   | Place    | Note
-------+----------+-------------------------------------------
     0 | D:1      | BigDaddyOpFi the Hill Orc Fighter began the quest for the
                  | Orb.
     0 | D:1      | Reached XP level 1. HP: 19/19 MP: 1/1
   220 | D:1      | Reached XP level 2. HP: 20/27 MP: 2/2
   283 | D:1      | Reached skill level 3 in Axes
   540 | D:1      | Found a faded altar of an unknown god.
   993 | D:2      | Reached XP level 3. HP: 32/33 MP: 3/3
  1342 | D:2      | Reached XP level 4. HP: 40/40 MP: 4/4
  1981 | D:3      | Found a snail-covered altar of Cheibriados.
  2000 | D:3      | Became a worshipper of Beogh the Brigand
  2149 | D:3      | Got Ytwoish's Papyrus of Icy Contamination
  2277 | D:3      | Noticed Terence
  2291 | D:3      | Killed Terence
  2292 | D:3      | Reached skill level 4 in Axes
  2292 | D:3      | Reached XP level 5. HP: 28/47 MP: 5/5
  2419 | D:3      | Reached skill level 1 in Invocations
  2555 | D:3      | Found a runed translucent door.
  2556 | D:3      | Noticed Crazy Yiuf
  2870 | D:3      | Killed Crazy Yiuf
  3056 | D:4      | Reached * piety under Beogh
  3270 | D:4      | Reached XP level 6. HP: 55/55 MP: 7/7
  3310 | D:4      | Found an opulent altar of Gozag.
  3565 | D:4      | Found an ancient bone altar of Kikubaaqudgha.
  3689 | D:4      | Found a blossoming altar of Fedhas.
  3696 | D:4      | Found a sacrificial altar of Ru.
  3976 | D:5      | Entered Level 5 of the Dungeon
  3983 | D:5      | Reached skill level 5 in Fighting
  4001 | D:5      | Identified a scroll of acquirement
  4001 | D:5      | Acquired the +13 crystal plate armour of Irumm {Str-5
                  | Int+8}
  4138 | D:5      | Noticed a black bear
  4143 | D:5      | Reached skill level 5 in Axes
  4143 | D:5      | Reached skill level 5 in Armour
  4143 | D:5      | Reached XP level 7. HP: 61/61 MP: 7/9
  4150 | D:5      | Reached skill level 5 in Shields
  4616 | D:5      | Found a sparkling altar of Nemelex Xobeh.
  4622 | D:5      | Noticed Pikel
  4780 | D:5      | Reached XP level 8. HP: 60/70 MP: 11/11
  4816 | D:5      | Reached skill level 9 in Axes
  4816 | D:5      | Reached XP level 9. HP: 83/83 MP: 11/15
  4909 | D:5      | Found a hide-covered altar of Uskayaw.
  5441 | D:6      | Reached ** piety under Beogh
  5597 | D:6      | Found a radiant altar of Vehumet.
  6080 | D:6      | Found an iron altar of Okawaru.
  6182 | D:7      | Acquired the +1 cloak of Starlight {*Dazzle EV+4 Stlth--}
  6182 | D:7      | Found the +1 cloak of Starlight {*Dazzle EV+4 Stlth--}
  6269 | D:7      | Found a staircase to the Ecumenical Temple.
  6278 | D:7      | Reached skill level 10 in Axes
  6413 | D:7      | Reached XP level 10. HP: 66/92 MP: 16/16
  6869 | D:7      | Reached *** piety under Beogh
  7916 | D:8      | Noticed Erica
  7975 | D:8      | Killed Erica
  7976 | D:8      | Reached skill level 10 in Fighting
  8481 | D:8      | Reached **** piety under Beogh
  8486 | D:8      | Found Zin's Purification Station.
  8490 | D:8      | Found a glowing silver altar of Zin.
  8505 | D:8      | Noticed Psyche
  8528 | D:8      | Reached skill level 10 in Invocations
  8540 | D:8      | Reached XP level 11. HP: 51/101 MP: 18/18
  8551 | D:8      | Killed Psyche
  9024 | D:8      | Reached skill level 11 in Axes
  9132 | D:8      | Gained Bogdan as an ally
  9497 | D:8      | Found an ornate altar of the Wu Jian Council.
  9660 | D:8      | Reached ***** piety under Beogh
  9877 | D:9      | Noticed Harold
  9890 | D:9      | Killed Harold
 10025 | D:9      | Noticed a two-headed ogre
 10031 | D:9      | Killed a two-headed ogre
 10032 | D:9      | Reached skill level 10 in Armour
 10092 | D:9      | Identified the +4 hand axe of Solemn Valiance {speed, rElec
                  | rF+ rC++ Str-4}
 10243 | D:9      | Reached skill level 10 in Shields
 10681 | D:10     | Entered Level 10 of the Dungeon
 10682 | D:10     | Found a shimmering altar of Xom.
 10682 | D:10     | Noticed a two-headed ogre
 10690 | D:10     | Noticed a two-headed ogre
 10691 | D:10     | Killed a two-headed ogre
 10713 | D:9      | Killed a two-headed ogre
 10926 | D:10     | Gained Horkud as an ally
 11457 | D:10     | Noticed a two-headed ogre
 11466 | D:10     | Killed a two-headed ogre
 11855 | D:10     | Noticed Gastronok
 11871 | D:10     | Killed Gastronok
 11872 | D:10     | Reached skill level 12 in Axes
 11872 | D:10     | Reached XP level 12. HP: 110/110 MP: 20/20
 12145 | D:11     | Noticed a two-headed ogre
 12154 | D:11     | Killed a two-headed ogre
 12286 | D:11     | Found a staircase to the Lair.
 12665 | D:11     | Noticed a boulder beetle
 12670 | D:11     | Killed a boulder beetle
 12998 | D:12     | Noticed a fire dragon
 13008 | D:12     | Killed a fire dragon
 13014 | D:12     | Noticed Azrael
 13739 | D:12     | Your ally Horkud died
 13763 | D:12     | Killed from afar by Azrael

Illustrated notes

Levels and vault maps discovered:
D:1:      sevenhm_arrival_forest_fort_small_4, layout_basic,
          ebering_ecumenical_altar_webs, minmay_misc_feat_chi
D:2:      minmay_recursive_quarters, layout_loops_cross, nrook_mini_vaults,
          corexii_item_surrounded_by_moat, kennysheep_generic_room_14
D:3:      layout_loops_cross, lemuel_round_altar, dreamdust_princess_bridge,
          uniq_crazy_yiuf_cottage, uniq_terence
D:4:      nicolae_BIG_FREAKIN_CUBE, layout_layer_cave,
          nicolae_gozag_cash_rules_everything_around_me,
          mainiacjoe_overflow_large_starburst, kiku_gazebo_garden_becter,
          minmay_misc_feat_nine_boxes
D:5:      layout_basic, nicolae_uskayaw_suspiria,
          mainiacjoe_overflow_tiny_flanked, uniq_pikel
D:6:      layout_basic, vehumet_altar_wand_db, nicolae_overflow_hidden_temple
D:7:      kennysheep_housing_project, layout_loops_corners,
          minmay_temple_entry_large_hall, grunt_decor_arrowhead,
          minmay_misc_feat_roman, corner_web_ring
D:8:      layout_cave_pools, zin_purify, nicolae_wu_jian_glorious_leap,
          serial_gnoll_camp, gnoll_camp_mini_doghouse, gnoll_camp_mini_hut,
          gnoll_camp_medium_01, gnoll_camp_medium_02, uniq_psyche, uniq_erica
D:9:      layout_long_grid, uniq_harold
D:10:     layout_stronghold, xom_confusion_cloud, nicolae_two_hexagons,
          nicolae_twisting_strands, uniq_gastronok
D:11:     layout_basic, lair_entry_dummy
D:12:     layout_cave_pools, hiddenorc1_lemuel, skrybe_limestone_x, uniq_azrael

Skill      XL: |  1  2  3  4  5  6  7  8  9 10 11 12 |
---------------+-------------------------------------+-----
Axes           | 3 4 5 9 10 12 | 12.5
Fighting       | 4 5 9 10 11 | 11.9
Armour         | 4 5 8 9 10 11 | 11.0
Shields        | 4 5 8 9 10 | 10.9
Invocations    | 1 3 4 8 9 10 11 | 11.9

Action                   |  1- 3 |  4- 6 |  7- 9 | 10-12 || total
-------------------------+-------+-------+-------+-------++-------
Melee: War axe           |   109 |   149 |   123 |       ||   381
       Broad axe         |       |       |    83 |   637 ||   720
Invok: Convert to Beogh  |       |     1 |       |       ||     1
       Recall Orcish Fol |       |       |       |     8 ||     8
       Give Item to Name |       |       |       |     1 ||     1
Evoke: Wand              |       |       |       |     2 ||     2
  Use: Scroll            |       |    10 |     1 |     7 ||    18
       Potion            |       |     3 |     5 |     8 ||    16
 Stab: Invisible         |       |       |     2 |    17 ||    19
       Distracted        |       |       |       |     1 ||     1
       Paralysed         |       |       |       |     2 ||     2
Armor: Scale mail        |    65 |    30 |       |       ||    95
       Chain mail        |       |    38 |       |       ||    38
       Crystal plate arm |       |    28 |   259 |   700 ||   987
Dodge: Dodged            |    74 |    49 |    50 |   345 ||   518
Block: Buckler           |    31 |    36 |    77 |   270 ||   414

Table legend: (Time is in decaauts)
 A = Elapsed time spent in this place.
 B = Non-inter-level travel time spent in this place.
 C = Inter-level travel time spent in this place.
 D = Time resting spent in this place.
 E = Time spent auto-exploring this place.
 F = Levels seen in this place.
 G = Mean time per level.
                   A        B        C        D        E       F      G
               +--------+--------+--------+--------+--------+-----+--------+
         Total |  13919 |  13436 |    483 |   2194 |   8162 |  12 | 1159.9 |
       Dungeon |  13919 |  13436 |    483 |   2194 |   8162 |  12 | 1159.9 |
               +--------+--------+--------+--------+--------+-----+--------+

Top non-repeatable levels by time:
     D:8: 2229 daAuts
     D:7: 1529 daAuts
    D:11: 1377 daAuts
    D:10: 1216 daAuts
     D:6: 1124 daAuts
     D:2: 1110 daAuts
     D:5: 1091 daAuts
     D:4: 1041 daAuts
     D:3: 990 daAuts
     D:9: 938 daAuts
     D:1: 929 daAuts
    D:12: 341 daAuts
